 Dungeon Crawl Stone Soup version 0.22-a0-799-g88f5e907b7 (webtiles) character file.

151267 Htamos the Brawler (level 17, -4/172 HPs)
             Began as a Troll Berserker on July 21, 2018.
             Was a Priest of Trog.
             Slain by a deep elf blademaster
             ... wielding a +0 rapier
              (16 damage)
             ... on level 3 of the Elven Halls.
             The game lasted 01:15:39 (26355 turns).

Htamos the Brawler (Troll Berserker)               Turns: 26355, Time: 01:15:40

Health: -4/172     AC: 13    Str: 32    XL:     17   Next: 0%
Magic:  16/16      EV: 14    Int:  4    God:    Trog [***...]
Gold:   2076       SH: 16    Dex: 10    Spells: 16/16 levels left

rFire    + . .     SeeInvis +     - Unarmed
rCold    . . .     Gourm    +   h - +4 shield of Noustr Ypoh {rF+ rN+ SInv}
rNeg     + . .     Faith    .   w - +3 steam dragon scales
rPois    .         Spirit   .   (helmet restricted)
rElec    .         Reflect  .   F - scarf {cloud immunity}
rCorr    .         Harm     .   (gloves unavailable)
MR       ++...                  (boots unavailable)
Stlth    +.........             (no amulet)
HPRegen  0.78/turn              (no ring)
MPRegen  0.15/turn              r - ring of protection from magic

@: no status effects
A: large, unfitting armour, claws 3, fast metabolism 3, gourmand, regeneration
1, shaggy fur 1, tough skin 2
a: Berserk, Trog's Hand, Renounce Religion


You were on level 3 of the Elven Halls.
You worshipped Trog.
Trog was most pleased with you.
You were not hungry.

You visited 3 branches of the dungeon, and saw 20 of its levels.
You visited the Abyss 2 times.

You collected 2235 gold pieces.
You spent 159 gold pieces at shops.

Inventory:

Hand Weapons
 d - a +4 quarterstaff of protection
 j - a +1 vampiric trident
 k - a +9 quick blade
 n - a +5 glaive of distortion
 o - a +0 executioner's axe of freezing
 C - the +1 scimitar "Feshruemme" {elec, -Tele rN+ Dex+6}
   (You found it on level 9 of the Dungeon)

   Occasionally, upon striking a foe, it will discharge some electrical energy
   and cause terrible harm.
   It affects your dexterity (+6).
   It protects you from negative energy.
   It prevents most forms of teleportation.
 E - a +3 morningstar of holy wrath
 M - the +6 arbalest of Pirethabb {venom, +Inv rElec}
   (You found it on level 10 of the Dungeon)

   It poisons the ammo it fires.
   It insulates you from electricity.
   It lets you turn invisible.
 V - a +1 fustibalus of freezing
 X - the cursed +2 scythe of Beyond {slice, Str+5}
   (You took it off a deep elf demonologist on level 3 of the Elven Halls)

   It inflicts extra damage upon your enemies.
   It affects your strength (+5).
   It has a curse placed upon it.
Missiles
 N - 180 bolts
 W - 13 large rocks (quivered)
Armour
 h - the +4 shield of Noustr Ypoh (worn) {rF+ rN+ SInv}
   (You acquired it on level 9 of the Dungeon)

   It protects you from fire.
   It protects you from negative energy.
   It lets you see invisible.
 w - +3 steam dragon scales (worn)
 F - a scarf of cloud immunity (worn)
 L - a scarf of spirit shield
 P - +0 acid dragon scales
Jewellery
 f - an uncursed ring of flight
 r - a ring of protection from magic (right claw)
 y - an uncursed ring of resist corrosion
 O - a +5 ring of evasion
 R - a +4 ring of strength
 Y - an uncursed amulet of magic regeneration
 Z - a cursed -3 ring of evasion
Wands
 m - a wand of flame (51)
 t - a wand of iceblast (32)
 u - a wand of enslavement (15)
 v - a wand of acid (2)
 z - a wand of clouds (9)
 G - a wand of digging (27)
 I - a wand of polymorph (28)
 J - a wand of random effects (70)
Scrolls
 a - 6 scrolls of remove curse
 c - a scroll of identify
 l - 2 scrolls of magic mapping
 p - a scroll of fog
 S - 3 scrolls of enchant armour
 U - 2 scrolls of random uselessness
Potions
 e - 2 potions of brilliance
 g - 3 potions of mutation
 i - a potion of agility {unknown}
 q - 4 potions of might
 s - 6 potions of curing
 x - a potion of degeneration
 A - 3 potions of cancellation
 D - a potion of resistance
 H - a potion of lignification {unknown}
 K - a potion of magic
 Q - 2 potions of flight
Comestibles
 b - 31 rations


   Skills:
 + Level 12.2 Fighting
 + Level 10.1 Armour
 + Level 10.3 Dodging
 - Level 9.0 Shields
 * Level 19.0 Unarmed Combat


You had 16 spell levels left.
You didn't know any spells.
Your spell library was empty.

Dungeon Overview and Level Annotations

Branches:
Dungeon (15/15)            Temple (0/1) D:4            Lair (0/6) D:9
    Orc (2/2) D:11            Elf (3/3) Orc:2        Vaults (0/5) D:13
 Depths (0/5) D:15

Altars:
Ashenzari
Cheibriados
Elyvilon
Kikubaaqudgha
Nemelex Xobeh
Qazlal
Uskayaw
Xom
Zin

Shops:
D:10 }   D:11 (   D:15 [   Orc:1 *   Orc:2 :*([(

Portals:
Bazaar: Elf:2

Annotations:
Elf:3 Louise


Innate Abilities, Weirdness & Mutations

You are too large for most types of armour.
You have claws for hands.
Your metabolism is lightning-fast.
You like to eat raw meat.
Your natural rate of healing is unusually fast.
You are covered in fur. (AC +1)
You have very tough skin. (AC +2)


Message History

Unknown command.
Okay, then.
You fail to use your ability.
The deep elf master archer shoots an arrow.
The arrow completely misses you.
The deep elf master archer shoots an arrow.
The arrow hits you!
* * * LOW HITPOINT WARNING * * *
Unknown command.
Your polar bear goes berserk!
You feel quite a bit more hungry.
You can no longer call in reinforcements.
You block the deep elf blademaster's attack. x2
The deep elf master archer shoots an arrow.
The arrow hits you!
* * * LOW HITPOINT WARNING * * *
The deep elf blademaster hits you with a rapier!!
* * * LOW HITPOINT WARNING * * *
The deep elf blademaster hits you with a rapier!
You die...

######............,,,,**
#########+####....,*,,,*
##8###.......###,.,,*,,**
######..........###,,**,,*##
**#######§.@.#.......##.....##.
****###8###..ee##.......##....##.
****8######§#..[##..#....#....##.
*****######e##eee##.##...##....#.
*8***###*#.(.##.@.#..##...#....#.
****#...e..⌠..#.h(....##..##...#.
,,,*...e##....##.(..(..#...#.8(#.
,*,*...,,##....#####.(...8.#%[.#.
,,,*..,,,,###.8.##,###..)..#(..#.
,*,+.,**,,,.##...[,,,##...))(8.#.
,,,*,,,**,...##..§:,,,#...(#).(#.
,*,*,,,,*#...##)[.|,,,##.8.#...#.
,,,*,,,,,##..*.),,⌠,,,,#...#.8.#.


You could see 2 deep elf blademasters, Louise, a deep elf master archer, a deep
elf death mage, a deep elf mage and a friendly polar bear (berserk).

Vanquished Creatures
  An Executioner (Abyss:2)
  3 tentacled starspawn (Abyss:2)
  2 orc warlords
  2 deep elf sorcerers (Elf:3)
  3 deep elf elementalists (Elf:3)
  An ophan (Abyss:2)
  Nessos (D:13)
  2 deep elf demonologists
  3 deep elf annihilators
  Josephine (D:14)
  A deep elf high priest (Elf:1)
  A catoblepas (D:15)
  9 two-headed ogres
  27 dancing weapons
  4 centaur warriors
  A tengu warrior (D:15)
  5 orc high priests
  A shock serpent (shapeshifter) (D:13)
  A deep troll earth mage (D:13)
  14 deep elf knights
  A sun demon (Abyss:2)
  A wretched star (Abyss:3)
  A spatial maelstrom (Abyss:3)
  A sixfirhy (Abyss:3)
  2 skeletal warriors (D:15)
  4 large abominations (Abyss:2)
  2 unseen horrors
  9 deep elf archers
  A phantasmal warrior (D:15)
  2 wolf spider zombies
  2 wizards
  Pikel (D:7)
  A necromancer (D:15)
  An obsidian statue (D:13)
  8 orc knights
  8 orc sorcerers
  64 deep elf magi
  A manticore (shapeshifter) (Abyss:2)
  13 ugly things
  A stone giant zombie (D:15)
  A frost giant zombie (D:15)
  4 manticores
  A worldbinder (Abyss:3)
  2 cyclopes
  An eye of devastation (shapeshifter) (Elf:1)
  Maurice (Orc:2)
  An apocalypse crab (Abyss:2)
  2 gargoyles
  A spriggan zombie (D:15)
  A komodo dragon (shapeshifter) (Elf:1)
  A tengu conjurer (D:15)
  An ancient zyme (Abyss:3)
  5 trolls
  A hornet (D:8)
  6 hippogriffs
  An ettin zombie (D:15)
  The ghost of Faustar the Stinger, an amateur OpWz (D:3)
  2 shadows
  An air elemental (Elf:1)
  5 wraiths
  A spriggan (shapeshifter) (Elf:2)
  A water elemental (Elf:1)
  2 wyverns
  12 yaks
  2 ynoxinuls (Abyss:2)
  2 fire elementals
  2 hungry ghosts
  A steam dragon (D:7)
  A chaos spawn (Abyss:2)
  3 wargs
  A swamp worm (shapeshifter) (Elf:1)
  2 water moccasins
  2 acid dragons
  3 sky beasts
  2 black bears
  46 orc warriors
  3 ice beasts
  2 eyes of draining
  20 ogres
  2 necrophages
  6 phantoms
  5 centaurs
  2 crocodiles (D:9)
  4 big kobolds
  14 bullfrogs
  2 earth elementals
  2 small abominations (Abyss:3)
  5 scorpions
  4 killer bees
  14 howler monkeys
  4 wights (D:15)
  An electric eel (D:6)
  5 crimson imps
  4 bullfrog zombies
  6 centaur skeletons
  5 hounds
  A quasit (D:11)
  4 centaur zombies
  An iron imp (D:5)
  11 jellies
  12 orc priests
  4 bullfrog skeletons
  A gnoll shaman (D:8)
  4 iguanas
  18 orc wizards
  13 worker ants
  A killer bee zombie (D:5)
  A hound zombie (D:8)
  4 hound skeletons
  A worker ant zombie (D:9)
  9 gnolls
  15 adders
  6 shadow imps
  3 white imps (Abyss:2)
  2 ufetubi
  5 oozes (D:8)
  An adder zombie (D:6)
  5 dart slugs
  2 worms (D:6)
  3 leopard geckos
  67 orcs
  9 giant cockroaches
  41 goblins
  24 hobgoblins
  8 jackals
  14 kobolds
  2 quokkas
  3 ball pythons
  4 bats
  5 frilled lizards
  2 leopard gecko skeletons
  A rat (D:1)
  A starspawn tentacle (Abyss:2)
  A withered plant (D:15)
748 creatures vanquished.

Vanquished Creatures (collateral kills)
  2 deep elf blademasters
  A deep elf sorcerer (Elf:3)
  A deep elf elementalist (Elf:3)
  4 deep elf annihilators (Elf:3)
  4 deep elf death magi (Elf:3)
  A deep elf high priest (Elf:3)
  2 dancing weapons (Elf:3)
  2 deep elf knights (Elf:2)
  A deep elf archer (Elf:3)
  3 deep elf magi
  An orc knight (Elf:1)
22 creatures vanquished.

Vanquished Creatures (others)
  A neqoxec (Abyss:2)
  8 starspawn tentacles (Abyss:2)
9 creatures vanquished.

Grand Total: 779 creatures vanquished

Notes
Turn   | Place    | Note
-------+----------+-------------------------------------------
     0 | D:1      | Htamos the Troll Berserker began the quest for the Orb.
     0 | D:1      | Reached XP level 1. HP: 22/22 MP: 0/0
    81 | D:1      | Reached XP level 2. HP: 16/29 MP: 1/1
   400 | D:1      | Reached ** piety under Trog
   624 | D:2      | Reached XP level 3. HP: 36/36 MP: 2/2
   678 | D:2      | Reached skill level 4 in Unarmed Combat
  1058 | D:3      | Found a runed gate.
  1059 | D:3      | Found a runed gate.
  1059 | D:3      | Found a runed gate.
  1063 | D:3      | Noticed Faustar's ghost (amateur OpWz)
  1252 | D:3      | Reached XP level 4. HP: 45/45 MP: 3/3
  1908 | D:4      | Reached skill level 5 in Unarmed Combat
  1908 | D:4      | Reached XP level 5. HP: 53/53 MP: 4/4
  1909 | D:4      | Noticed an ogre
  1914 | D:4      | Killed an ogre
  1970 | D:4      | Reached *** piety under Trog
  2009 | D:4      | Found a shattered altar of Ashenzari.
  2029 | D:4      | Found a staircase to the Ecumenical Temple.
  2071 | D:4      | Reached XP level 6. HP: 62/62 MP: 5/5
  2082 | D:4      | Found a snail-covered altar of Cheibriados.
  2125 | D:4      | Reached skill level 6 in Unarmed Combat
  2491 | D:3      | Killed Faustar's ghost
  2491 | D:3      | Reached skill level 7 in Unarmed Combat
  2491 | D:3      | Reached XP level 7. HP: 41/71 MP: 6/6
  2624 | D:5      | Entered Level 5 of the Dungeon
  2806 | D:5      | Found a glowing silver altar of Zin.
  2818 | D:5      | Found an ancient bone altar of Kikubaaqudgha.
  2818 | D:5      | Found a shimmering altar of Xom.
  2833 | D:5      | Reached skill level 5 in Fighting
  2833 | D:5      | Reached skill level 8 in Unarmed Combat
  2847 | D:5      | Reached XP level 8. HP: 80/80 MP: 7/7
  3114 | D:5      | Found a white marble altar of Elyvilon.
  3123 | D:5      | Found a sparkling altar of Nemelex Xobeh.
  3190 | D:5      | Reached **** piety under Trog
  3444 | D:5      | Found a snail-covered altar of Cheibriados.
  3548 | D:6      | Reached skill level 9 in Unarmed Combat
  4085 | D:6      | Reached skill level 10 in Unarmed Combat
  4136 | D:6      | Reached ***** piety under Trog
  4304 | D:6      | Reached XP level 9. HP: 89/89 MP: 8/8
  5428 | D:7      | Received a gift from Trog
  5428 | D:7      | Reached skill level 11 in Unarmed Combat
  5587 | D:7      | Noticed Pikel
  5597 | D:7      | Killed Pikel
  6119 | D:8      | Reached XP level 10. HP: 83/102 MP: 9/9
  6180 | D:8      | Reached skill level 12 in Unarmed Combat
  6258 | D:8      | Reached skill level 1 in Armour
  6281 | D:8      | Noticed a two-headed ogre
  6326 | D:8      | Paralysed by a hornet for 3 turns
  6331 | D:8      | Paralysed by a hornet for 1 turns
  6351 | D:8      | HP: 5/102 [poisoned by a hornet]
  6356 | D:8      | HP: 3/102 [poisoned by a hornet]
  6361 | D:8      | HP: 4/102 [poisoned by a hornet]
  6518 | D:8      | Killed a two-headed ogre
  7199 | D:9      | Noticed a two-headed ogre
  7209 | D:9      | Killed a two-headed ogre
  7285 | D:9      | Got a bloodstained scimitar
  7286 | D:9      | Identified the +1 scimitar "Feshruemme" {elec, -Tele rN+ Dex+6} (You found it on level 9 of the Dungeon)
  7296 | D:9      | Identified a scroll of acquirement
  7298 | D:9      | Got a faintly glowing shield
  7309 | D:9      | Identified the +4 shield of Noustr Ypoh {rF+ rN+ SInv} (You acquired it on level 9 of the Dungeon)
  7642 | D:9      | Reached skill level 1 in Shields
  7644 | D:9      | Received a gift from Trog
  7789 | D:9      | Reached skill level 13 in Unarmed Combat
  7789 | D:9      | Reached XP level 11. HP: 45/111 MP: 10/10
  7887 | D:9      | Found a staircase to the Lair.
  8134 | D:9      | Found a stormy altar of Qazlal.
  8187 | D:9      | Found a hide-covered altar of Uskayaw.
  8604 | D:10     | Entered Level 10 of the Dungeon
  8832 | D:10     | Got a warped arbalest
  8840 | D:10     | Identified the +6 arbalest of Pirethabb {venom, +Inv rElec} (You found it on level 10 of the Dungeon)
  9447 | D:10     | Found Luup's Gadget Shoppe.
  9489 | D:11     | Found Ereh's Weapon Shoppe.
  9510 | D:11     | Found a staircase to the Orcish Mines.
  9580 | D:11     | Noticed a four-headed hydra
 10068 | D:11     | Noticed an unseen horror
 10081 | D:11     | Killed an unseen horror
 10119 | D:11     | Noticed a cyan ugly thing
 10126 | D:11     | Killed a cyan ugly thing
 10429 | D:11     | Noticed a centaur warrior
 10440 | D:11     | Killed a centaur warrior
 11215 | D:12     | Reached skill level 5 in Dodging
 11242 | D:12     | Noticed a two-headed ogre
 11475 | D:12     | Killed a two-headed ogre
 11475 | D:12     | Reached XP level 12. HP: 105/122 MP: 11/11
 11684 | D:12     | Reached skill level 5 in Shields
 11692 | D:12     | Noticed a two-headed ogre
 11705 | D:12     | Killed a two-headed ogre
 11705 | D:12     | Reached skill level 14 in Unarmed Combat
 12277 | D:13     | Noticed a centaur warrior
 12291 | D:13     | Killed a centaur warrior
 12301 | D:13     | Received a gift from Trog
 12418 | D:13     | Reached skill level 5 in Armour
 12442 | D:13     | Noticed a centaur warrior
 12449 | D:13     | Killed a centaur warrior
 12549 | D:13     | Noticed a two-headed ogre
 12559 | D:13     | Killed a two-headed ogre
 12611 | D:13     | Noticed Nessos
 12631 | D:13     | Killed Nessos
 12956 | D:13     | Noticed a two-headed ogre
 12958 | D:13     | Noticed a two-headed ogre
 12982 | D:13     | Killed a two-headed ogre
 12986 | D:13     | Killed a two-headed ogre
 13030 | D:13     | Noticed a two-headed ogre
 13039 | D:13     | Cast into level 3 of the Abyss (a wizard)
 13083 | Abyss:3  | Reached XP level 13. HP: 105/131 MP: 12/12
 13083 | Abyss:3  | Noticed an entropy weaver
 13161 | Abyss:3  | Found a corrupted altar of Lugonu.
 13162 | Abyss:3  | Found a corrupted altar of Lugonu.
 13215 | D:13     | Escaped the Abyss
 13734 | D:13     | Found a gate to the Vaults.
 14235 | D:14     | Reached skill level 15 in Unarmed Combat
 14350 | D:14     | Noticed Josephine
 14371 | D:14     | Killed Josephine
 14683 | D:15     | Entered Level 15 of the Dungeon
 14732 | D:14     | Received a gift from Trog
 14806 | D:15     | Found Ligyrhaisk's Armour Emporium.
 14842 | D:15     | Bought a scarf of spirit shield for 117 gold pieces
 15238 | D:15     | Reached skill level 10 in Fighting
 15334 | D:15     | Found a staircase to the Depths.
 15371 | D:15     | Reached XP level 14. HP: 143/143 MP: 13/13
 15941 | Orc:1    | Entered Level 1 of the Orcish Mines
 16235 | Orc:1    | Found Bahouss's Assorted Antiques.
 16450 | Orc:2    | Entered Level 2 of the Orcish Mines
 16456 | Orc:2    | Found Vetagig's General Store.
 16465 | Orc:2    | Paralysed by an orc sorcerer for 4 turns
 16622 | Orc:2    | Bought a scroll of teleportation for 42 gold pieces
 16668 | Orc:2    | Paralysed by an orc sorcerer for 3 turns
 16801 | Orc:2    | Found Caifoude's Book Boutique.
 16858 | Orc:2    | Found a staircase to the Elven Halls.
 16861 | Orc:2    | Reached ****** piety under Trog
 17032 | Orc:2    | Found Nolewomu's Antique Weapon Boutique.
 17056 | Orc:2    | Found Ecvugidgh's Antique Armour Boutique.
 17376 | Orc:2    | Received a gift from Trog
 17421 | Orc:2    | Noticed an orc warlord
 17422 | Orc:2    | Found Zejod's Antique Weapon Shoppe.
 17449 | Orc:2    | Killed an orc warlord
 17463 | Orc:2    | Reached skill level 16 in Unarmed Combat
 17642 | Orc:2    | Noticed Maurice
 17658 | Orc:2    | Killed Maurice
 18065 | Elf:1    | Entered Level 1 of the Elven Halls
 19291 | Elf:1    | Received a gift from Trog
 19454 | Elf:1    | Reached XP level 15. HP: 137/152 MP: 14/14
 19870 | Elf:1    | Noticed an orc warlord
 19898 | Elf:1    | Killed an orc warlord
 19958 | Elf:1    | Reached skill level 17 in Unarmed Combat
 19964 | Elf:1    | Received a gift from Trog
 20888 | Elf:2    | HP: 1/153 [deep elf annihilator/iron shot (34)]
 21485 | Elf:2    | Found a gateway to a bazaar.
 21579 | Elf:2    | Found a runed gate.
 21579 | Elf:2    | Found a runed gate.
 21579 | Elf:2    | Found a runed gate.
 22042 | Elf:2    | Noticed a deep elf blademaster
 22091 | Elf:2    | Killed a deep elf blademaster
 22692 | Elf:2    | Received a gift from Trog
 22692 | Elf:2    | Reached XP level 16. HP: 163/163 MP: 15/15
 23494 | Elf:2    | Noticed an Executioner
 23537 | Elf:2    | Noticed an Ice Fiend
 23537 | Elf:2    | Reached skill level 18 in Unarmed Combat
 23850 | Elf:3    | Entered Level 3 of the Elven Halls
 25401 | Elf:3    | Reached skill level 10 in Dodging
 25884 | Elf:3    | Got a crystal scythe {slice}
 25885 | Elf:3    | Identified the cursed +2 scythe of Beyond {slice, Str+5} (You took it off a deep elf demonologist on level 3 of the Elven Halls)
 25926 | Elf:3    | Noticed a deep elf blademaster
 25935 | Elf:3    | Killed a deep elf blademaster
 25944 | Elf:3    | Received a gift from Trog
 25989 | Elf:3    | Noticed a deep elf master archer
 25990 | Elf:3    | Noticed Louise
 26002 | Elf:3    | Noticed a deep elf blademaster
 26004 | Elf:3    | Noticed a deep elf blademaster
 26014 | Elf:3    | Cast into level 2 of the Abyss (Louise)
 26071 | Abyss:2  | Noticed a tentacled starspawn
 26073 | Abyss:2  | Noticed a tentacled starspawn
 26084 | Abyss:2  | Killed a tentacled starspawn
 26095 | Abyss:2  | Killed a tentacled starspawn
 26095 | Abyss:2  | Reached skill level 10 in Armour
 26118 | Abyss:2  | Noticed an Executioner
 26124 | Abyss:2  | Killed an Executioner
 26327 | Abyss:2  | Noticed a tentacled starspawn
 26342 | Abyss:2  | Killed a tentacled starspawn
 26348 | Abyss:2  | Reached skill level 19 in Unarmed Combat
 26348 | Abyss:2  | Reached XP level 17. HP: 72/172 MP: 16/16
 26353 | Elf:3    | Escaped the Abyss
 26355 | Elf:3    | Slain by a deep elf blademaster

Vault maps used:
D:1:      dpeg_arrival_rooms_c, hangedman_decor_opposing, grunt_decor_fettered,
          corexii_hall_statues_x
D:2:      lemuel_upstairs_altar
D:3:      gammafunk_ghost_necromancy
D:4:      ashenzari_conservatory_becter, minmay_temple_entry_junction,
          kennysheep_slug_shrine
D:5:      grunt_temple_overflow_open, amethyst_overflow_temple_binary,
          first_ration, chei_slow_surprise
D:6:      minmay_goblin_kobold_castle, minmay_misc_feat_rows
D:7:      uniq_pikel
D:8:      hangedman_cross_stitches, hangedman_little_slice_of_home,
          kennysheep_generic_room_12
D:9:      eat_drink_and_be_merry_uskayaw, lemuel_coloured_pillars_altar,
          david_lair_generic, minmay_joined_circles
D:10:     serial_shops, shop
D:11:     orc_david_3, portal_ice_cave_entry_pillars_2
D:13:     minmay_mutant_horseshoe, david_vaults_1, minivault_16, uniq_nessos
D:14:     patterned_corridor, uniq_josephine
D:15:     gammafunk_depths_entry_grave, lab_entry_generic, serial_shops,
          nicolae_shop_crystal, minmay_misc_feat_roman
Orc:1:    serial_shops, nicolae_shop_waterfront
Orc:2:    grunt_orc_gardens, grunt_orc_garden, grunt_orc_garden,
          grunt_orc_garden, grunt_orc_garden, serial_shops, shop_statue,
          uniq_maurice
Elf:1:    elf_arrival_001, special_room, kennysheep_underground_church
Elf:2:    serial_shops, bzr_entry_dummy, serial_sigils_hangedman_scar,
          st_stairs_4
Elf:3:    minmay_elf_hall_statues, grunt_megastairs_3, uniq_louise
Abyss:2:  lemuel_flamethrower_3
Abyss:3:  evilmike_abyss_exit_14, minivault_26

Skill      XL: |  1  2  3  4  5  6  7  8  9 10 11 12 13 14 15 16 |
---------------+-------------------------------------------------+-----
Unarmed Combat | 4 5 7 8 10 11 13 14 15 16 17 19 | 19.0
Fighting       | 3 4 5 6 7 8 9 10 11 12 | 12.2
Armour         | 3 4 5 6 7 9 10 | 10.1
Dodging        | 4 5 6 7 8 9 10 | 10.3
Shields        | 1 4 6 8 9 |  9.0

Action                   |  1- 3 |  4- 6 |  7- 9 | 10-12 | 13-15 | 16-18 || total
-------------------------+-------+-------+-------+-------+-------+-------++-------
Melee: Unarmed           |   117 |    80 |   348 |   704 |  1115 |   329 ||  2693
       Punch             |     1 |     5 |    15 |     3 |       |       ||    24
 Fire: Arbalest          |       |       |       |     2 |       |       ||     2
Invok: Berserk           |       |       |     1 |     3 |     2 |     2 ||     8
       Trog's Hand       |       |       |       |     3 |    11 |     3 ||    17
       Brothers in Arms  |       |       |       |       |     4 |    15 ||    19
Evoke: Wand              |       |       |       |     1 |    21 |     6 ||    28
  Use: Potion            |       |     1 |       |     5 |     8 |     5 ||    19
       Scroll            |       |       |    11 |    23 |    12 |     5 ||    51
 Stab: Petrified         |       |       |       |       |       |     5 ||     5
  Eat: Chunk             |    17 |    11 |    27 |    76 |    81 |    22 ||   234
       Ration            |       |       |       |     1 |     2 |     6 ||     9
Armor: Animal skin       |    21 |       |       |       |       |       ||    21
       Robe              |    22 |    29 |    66 |       |       |       ||   117
       Steam dragon scal |       |       |     1 |   145 |   124 |    51 ||   321
Dodge: Dodged            |    77 |    28 |   162 |   253 |   392 |   109 ||  1021
Block: Shield            |       |       |       |   347 |   608 |   173 ||  1128

Table legend:
 A = Spawn XP
 B = Non-spawn XP
 C = Spawn XP percentage of total XP
 D = Spawn monster count
 E = Non-spawn monster count
 F = Spawn count percentage of total count
 G = Total turns spent on level
                    A         B        C        D         E        F      G
               +---------+---------+-------+---------+---------+-------+---------
         Total |   16675 |  199422 |   7.7 |      24 |     744 |   3.1 | 26355
               +---------+---------+-------+---------+---------+-------+---------
           D:1 |       0 |      40 |   0.0 |       0 |      23 |   0.0 |   629
           D:2 |       0 |      48 |   0.0 |       0 |      19 |   0.0 |   469
           D:3 |       0 |     387 |   0.0 |       0 |      12 |   0.0 |  1108
           D:4 |       0 |     389 |   0.0 |       0 |      20 |   0.0 |   553
           D:5 |       0 |    1028 |   0.0 |       0 |      29 |   0.0 |   975
           D:6 |       0 |    1402 |   0.0 |       0 |      87 |   0.0 |  1410
           D:7 |       0 |    1957 |   0.0 |       0 |      15 |   0.0 |  1297
           D:8 |       0 |    3472 |   0.0 |       0 |      42 |   0.0 |  1175
           D:9 |       0 |    3618 |   0.0 |       0 |      39 |   0.0 |  1644
          D:10 |       0 |    1854 |   0.0 |       0 |      15 |   0.0 |   668
          D:11 |       0 |    4735 |   0.0 |       0 |      33 |   0.0 |  1334
          D:12 |       0 |    6395 |   0.0 |       0 |      44 |   0.0 |  1034
          D:13 |       0 |   14976 |   0.0 |       0 |      43 |   0.0 |  1471
          D:14 |       0 |   10153 |   0.0 |       0 |      27 |   0.0 |  1237
          D:15 |       0 |   14829 |   0.0 |       0 |      35 |   0.0 |   763
         Orc:1 |       0 |    1728 |   0.0 |       0 |      35 |   0.0 |   743
         Orc:2 |       0 |   11420 |   0.0 |       0 |      40 |   0.0 |  1379
         Elf:1 |       0 |   43586 |   0.0 |       0 |      82 |   0.0 |  3725
         Elf:2 |       0 |   36925 |   0.0 |       0 |      52 |   0.0 |  2272
         Elf:3 |       0 |   38375 |   0.0 |       0 |      48 |   0.0 |  1954
       Abyss:2 |   15327 |       0 | 100.0 |      20 |       0 | 100.0 |   339
       Abyss:3 |    1348 |    2105 |  39.0 |       4 |       4 |  50.0 |   176
               +---------+---------+-------+---------+---------+-------+---------
